 Dungeon Crawl Stone Soup version 0.27-a0-1278-g6cbc8dfb29 (webtiles) character file.

Game seed: 4772151123926714029

25 sanka the Charlatan (level 3, 0/29 HPs)
             Began as a Djinni Artificer on June 12, 2021.
             Slain by a jackal (2 damage)
             ... on level 1 of the Dungeon.
             The game lasted 00:01:04 (1682 turns).

sanka the Charlatan (Djinni Artificer)              Turns: 1682, Time: 00:01:04

Health: 0/29       AC:  3    Str: 11    XL:     3   Next: 20%
Gold:   20         EV:  6    Int: 13    God:
                   SH: 12    Dex: 13

rFire    + + .     SeeInvis .   f - +0 hand axe
rCold    x . .     Faith    .   g - +2 tower shield
rNeg     . . .     Spirit   .   b - +0 leather armour
rPois    ∞         Reflect  .   (no helmet)
rElec    .         Harm     .   (no cloak)
rCorr    .         Rampage  .   (no gloves)
Will     +....                  (boots unavailable)
Stlth    +.........             (no amulet)
HPRegen  0.09/turn              (no ring)
MPRegen  0.00/turn              i - ring of willpower

@: flying
A: sickness immunity, fire resistance 2, cold vulnerability 1, float, innate
caster, hp casting, extra vitality 1
a: no special abilities


You were on level 1 of the Dungeon.
You visited 1 branch of the dungeon, and saw 1 of its levels.

You collected 20 gold pieces.


Innate Abilities, Weirdness & Mutations

You are immune to sickness and miasma.
You are immune to poison.
Your flesh is very heat resistant. (rF++)
You are vulnerable to cold. (rC-)
You float through the air rather than walking.
You learn spells naturally, not from books.
Your magical power is your life essence.
You have superior vitality. (+4 HP)


   Skills:
 + Level 2.9 Fighting
 - Level 1.0 Armour
 - Level 2.1 Dodging
 - Level 0.7 Stealth
 - Level 3.0 Evocations


You had one spell level left.
You knew the following spells:

 Your Spells              Type           Power      Damage    Failure   Level
y - Foxfire               Conj/Fire      0%         2x1d4     100%        1
Your spell library was empty.

Inventory:

Hand Weapons
 a - a +0 club
 f - a +0 hand axe (weapon)
Armour
 b - a +0 leather armour (worn)
 g - a +2 tower shield (worn)
Jewellery
 i - a ring of willpower (right hand)
Wands
 c - a wand of flame (15) (quivered)
 d - a wand of charming (15)
Scrolls
 k - a scroll of enchant armour {unknown}
Potions
 h - a potion of attraction {unknown}
 j - a potion of curing {unknown}
Miscellaneous
 e - a piece from Xom's chessboard (15/15)

Dungeon Overview and Level Annotations

Branches:
Dungeon (1/15)

Altars:

▒..?....▒ ▒ ▒.......▒
▒▒▒▒ ▒.......▒ ▒...
▒.......▒ ▒... ▒.......▒
▒... ▒.......▒ ▒▒▒▒▒...
▒.^.....▒ ▒...▒...
▒▒▒...Bl..▒▒▒▒▒▒▒...▒...
£.....hRg...............
▒▒▒...rh..▒▒▒▒▒▒▒...▒▒▒▒
▒.....w.....▒▒▒▒▒...▒▒▒▒
........................
▒...........▒▒▒▒▒...▒▒▒▒
▒.!.........▒ ▒...▒
▒...▒▒▒▒▒▒▒▒▒ ▒.†.▒ ▒...
▒▒▒▒▒


You could see a dart slug, a quokka, 2 jackals, a giant cockroach, a hobgoblin
and a frilled lizard.


Message History

The quokka bites you.
* * * LOW HITPOINT WARNING * * *
The jackal bites you.
* * * LOW HITPOINT WARNING * * *
You block the hobgoblin's attack. The jackal barely misses you.
You block the quokka's attack. The frilled lizard bites you.
* * * LOW HITPOINT WARNING * * *
The jackal barely misses you.
You closely miss the hobgoblin.
The hobgoblin is severely wounded.
You hit the jackal but do no damage. You closely miss the quokka.
You hit the jackal. You closely miss the frilled lizard.
You block the jackal's attack.
The hobgoblin hits you but does no damage.
You block the jackal's attack. You block the quokka's attack.
The jackal bites you.
* * * LOW HITPOINT WARNING * * *
The frilled lizard barely misses you. The hobgoblin hits you.
* * * LOW HITPOINT WARNING * * *
The jackal barely misses you. The quokka bites you.
* * * LOW HITPOINT WARNING * * *
The jackal bites you.
You die...

Action                   || total
-------------------------++-------
Melee: Club              ||    32
       Hand axe          ||    64
 Stab: Sleeping          ||     2
Armor: Leather armour    ||    38
Dodge: Dodged            ||    64
Block: Tower shield      ||    72

Levels and vault maps discovered:
D:1:      wander_arrival_abandoned_jail, layout_basic, minmay_octomino_j4

Notes
Turn   | Place    | Note
-------+----------+-------------------------------------------
     0 | D:1      | sanka the Djinni Artificer began the quest for the Orb.
     0 | D:1      | Reached XP level 1. HP: 17/17 MP: 0/0
   566 | D:1      | Reached XP level 2. HP: 16/23 MP: 0/0
   571 | D:1      | Reached skill level 2 in Fighting
  1208 | D:1      | Reached XP level 3. HP: 12/29 MP: 0/0
  1208 | D:1      | Learned a level 1 spell: Foxfire
  1682 | D:1      | HP: 2/29 [quokka (2)]
  1682 | D:1      | Slain by a jackal

Vanquished Creatures
  A dart slug (D:1)
  3 ball pythons (D:1)
  2 bats (D:1)
  An endoplasm (D:1)
  A giant cockroach (D:1)
  4 goblins (D:1)
  3 hobgoblins (D:1)
  3 frilled lizards (D:1)
  2 rats (D:1)
20 creatures vanquished.
